 Dungeon Crawl Stone Soup version 0.31-a0-174-g85c54bcb58 (webtiles) character file.

Game seed: 10665550074850133095

7 qw the Shooter (level 2, -5/17 HPs)
             Began as a Gargoyle Hunter on June 15, 2023.
             Slain by a gnoll
             ... wielding a +0 spear
              (8 damage)
             ... on level 1 of the Dungeon.
             The game lasted 00:00:04 (116 turns).

qw the Shooter (Gargoyle Hunter)                     Turns: 116, Time: 00:00:04

Health: -5/17      AC:  5    Str: 14    XL:     2   Next: 4%
Magic:  2/2        EV: 11    Int:  9    God:
Gold:   6          SH:  0    Dex: 13    Spells: 1/1 levels left

rFire   . . .        Y - +0 shortbow
rCold   . . .        (shield currently unavailable)
rNeg    + . .        c - +0 leather armour
rPois   inf          (no helmet)
rElec   +            (no cloak)
rCorr   .            (no gloves)
SInv    .            (no boots)
Will    .....        (no amulet)
Stlth   +            (no ring)
HPRegen 0.22/turn    (no ring)
MPRegen 0.08/turn

%: no passive effects
@: no status effects
A: sickness immunity, AC +2, negative energy resistance 1, electricity
resistance, torment resistance 1, petrification resistance
a: no special abilities


You were on level 1 of the Dungeon.
You visited 1 branch of the dungeon, and saw 1 of its levels.

You collected 6 gold pieces.


Innate Abilities, Weirdness & Mutations

You are immune to sickness and miasma.
Your stone body is resilient. (AC +2)
You are immune to poison.
You resist negative energy. (rN+)
You are resistant to electric shocks. (rElec)
You are resistant to unholy torment.
You are immune to petrification.


   Skills:
 - Level 2.1 Fighting
 + Level 4.4 Ranged Weapons
 - Level 1.5 Dodging
 - Level 1.1 Stealth


You had one spell level left.
You didn't know any spells.
Your spell library was empty.

Inventory:

Hand Weapons
 Y - a +0 shortbow (weapon)
Armour
 c - a +0 leather armour (worn)
Scrolls
 b - a scroll of butterflies

Dungeon Overview and Level Annotations

Branches:
Dungeon (1/15)

Altars:

Annotations:
D:1 exclusion: 2 gnolls


Message History

The hobgoblin shouts!
You shoot an arrow. The arrow hits the hobgoblin.
The hobgoblin is severely wounded.
You shoot an arrow. The arrow hits the hobgoblin.
The hobgoblin is almost dead.
You shoot an arrow. The arrow hits the hobgoblin.
You kill the hobgoblin!
You have reached level 2!
You open the door.
There is an open door here.
A kobold comes into view. It is wielding a +0 dagger.
You shoot an arrow. The arrow hits the kobold.
You kill the kobold!
A gnoll comes into view. It is wielding a +0 spear.
You see here a fuming green potion.
You shoot an arrow. The arrow hits the gnoll.
The gnoll is lightly wounded.
You shoot an arrow. The arrow closely misses the gnoll.
You shoot an arrow. The arrow closely misses the gnoll.
You shoot an arrow. The arrow hits the gnoll.
The gnoll is moderately wounded.
The gnoll hits you from afar with a +0 spear!
You shoot an arrow. The arrow barely misses the gnoll.
The gnoll closely misses you.
You shoot an arrow. The arrow closely misses the gnoll.
The gnoll closely misses you.
You shoot an arrow. The arrow hits the gnoll.
The gnoll is severely wounded.
The gnoll hits you from afar with a +0 spear!
111 ||| READING scroll labelled WUOMAA KOOLIALUNO.
As you read the scroll labelled WUOMAA KOOLIALUNO, it crumbles to dust.
It is a scroll of amnesia.
You feel forgetful for a moment. The gnoll completely misses you.
Enter note: The gnoll hits you from afar with a +0 spear.
You shoot an arrow. The arrow closely misses the gnoll.
You shoot an arrow. The arrow closely misses the gnoll.
The gnoll hits you but does no damage.
The gnoll hits you from afar with a +0 spear!
You die...

### ### #.#########.#
#...........#
#.#########.# #.# #.#
###'## #####.#####
#....# #.........#
#....####.###..####
#..@.g#.....#..# .#
#)....#+#.!........##.##
...##. #.............%.
.. #. ...#########.####
. #.#..## #..........
...# ..#####+#### ...#
...# ..#


You could see a gnoll.

Vanquished Creatures
  2 goblins (D:1)
  3 hobgoblins (D:1)
  A kobold (D:1)
6 creatures vanquished.

Notes
Turn   | Place    | Note
-------+----------+-------------------------------------------
     0 | D:1      | qw the Gargoyle Hunter began the quest for the Orb.
     0 | D:1      | Reached XP level 1. HP: 12/12 MP: 1/1
     0 | D:1      | 0 ||| qw: Version: 0.2-a-29-g511e9b1
     0 | D:1      | 0 ||| qw: Game counter: 5163
     0 | D:1      | 0 ||| qw: Always use a shield: true
     0 | D:1      | 0 ||| qw: God list: Okawaru
     0 | D:1      | 0 ||| qw: Allow faded altars: false
     0 | D:1      | 0 ||| qw: Do Orc after D:15 true
     0 | D:1      | 0 ||| qw: Do second Lair branch before Depths: true
     0 | D:1      | 0 ||| qw: Lair rune preference: random
     0 | D:1      | 0 ||| qw: Plans: Normal, Zot:1-4, Slime:5, God:TSO, Crypt,
                  | Tomb, Abyss, Pan, Hells, Win
     0 | D:1      | 0 ||| PLANNING D:1-11
    74 | D:1      | Reached XP level 2. HP: 17/17 MP: 2/2
   110 | D:1      | HP: 2/17 [gnoll/+0 spear (7)]
   111 | D:1      | 111 ||| READING scroll labelled WUOMAA KOOLIALUNO.
   116 | D:1      | Slain by a gnoll

Levels and vault maps discovered:
D:1:      dpeg_arrival_morbid_curiosity, layout_basic, minmay_tromino_i4

Action                     || total
---------------------------++-------
   Fire: Shortbow          ||    21
    Use: Scroll            ||     1
 Armour: Leather armour    ||     3
  Dodge: Dodged            ||     4

Table legend:
 A = Non-vault XP
 B = Vault XP
 C = Vault XP percentage of total XP
 D = Non-vault monster count
 E = Vault monster count
 F = Vault count percentage of total count
                 A         B        C        D         E       F
            +---------+---------+-------+---------+---------+-------
      Total |       3 |       8 |  72.7 |       2 |       4 |  66.7
            +---------+---------+-------+---------+---------+-------
        D:1 |       3 |       8 |  72.7 |       2 |       4 |  66.7
            +---------+---------+-------+---------+---------+-------
